 Dungeon Crawl Stone Soup version 0.20.1-1-g8b1a95d (webtiles) character file.

215 Orenix the Sneak (level 5, 0/21 HPs)
             Began as a Felid Summoner on Aug 27, 2017.
             Succumbed to poison (poison gas)
             ... on level 5 of the Dungeon.
             The game lasted 01:19:59 (10077 turns).

Orenix the Sneak (Felid Summoner)                  Turns: 10077, Time: 01:19:59

Health: 0/21       AC:  4    Str:  4    XL:     5   Next: 60%
Magic:  5/9        EV: 20    Int: 19    God:
Gold:   215        SH:  0    Dex: 16    Spells: 0/9 levels left
                                        Lives:  0   Deaths: 1

rFire    . . .     SeeInvis +   (weapon unavailable)
rCold    . . .     Gourm    .   (shield unavailable)
rNeg     . . .     Faith    .   (armour unavailable)
rPois    .         Spirit   .   (helmet unavailable)
rElec    .         Reflect  .   (cloak unavailable)
rCorr    .         Harm     .   (gloves unavailable)
MR       .....                  (boots unavailable)
Stlth    ++++......             (no amulet)
Regen    0.1/turn               J - +2 ring of protection
MPRegen  0.2/turn               (no ring)

@: lethally poisoned (0 -> -42), very slightly contaminated, quick
A: no armour, no weapons or thrown items, stealth, claws 1, fangs 3, see
invisible, carnivore 3, speed 1, shaggy fur 2, slow metabolism 1, sharp paws
a: no special abilities


You were on level 5 of the Dungeon.
You were full.

You visited 1 branch of the dungeon, and saw 5 of its levels.

You collected 215 gold pieces.

Inventory:

Hand Weapons
 f - a +3 spear of piercing
 g - a +0 short sword
 k - a +0 club
 l - a +0 short sword
 m - a +0 club
 o - a +0 club
 p - a +0 dagger
 q - a +0 club
 s - a +0 hunting sling
 t - a cursed -1 club
 v - a +0 hunting sling
 w - a +0 club
 x - a +0 dagger
 y - a +0 dagger
 z - a +0 whip
 A - a +0 hand axe
 C - a +0 hunting sling
 E - a +0 dagger
 K - a +0 whip
 N - a +0 falchion
 O - a +0 falchion
 P - a +0 falchion
 Q - a +0 mace
 R - a +0 club
 V - a +0 club
Missiles
 e - 136 stones
Armour
 i - a cursed -2 ring mail
Jewellery
 J - a +2 ring of protection (left paw)
 U - an uncursed ring of ice {unknown}
Scrolls
 c - 9 scrolls of identify {unknown}
 r - 2 scrolls of remove curse {unknown}
 F - 2 scrolls of recharging {unknown}
 I - 3 scrolls of teleportation
 M - a scroll of enchant weapon {unknown}
 S - a scroll of blinking {unknown}
Potions
 d - 2 potions of magic {unknown}
 j - 4 potions of lignification {unknown}
 u - 2 potions of heal wounds {unknown}
 B - a potion of berserk rage {unknown}
 D - 2 potions of ambrosia {unknown}
 G - 2 potions of degeneration {unknown}
 H - 2 potions of mutation {unknown}
 T - 3 potions of curing {unknown}
Books
 a - a book of Callings

   Spells                             Type                      Level
   a - Summon Small Mammal            Summoning                    1
   b - Call Imp                       Summoning                    2
   c - Call Canine Familiar           Summoning                    3
   d - Summon Guardian Golem          Hexes/Summoning              3
   e - Summon Lightning Spire         Summoning/Air                4
   f - Summon Ice Beast               Ice/Summoning                4
Comestibles
 b - 3 meat rations
 h - 5 bread rations
 n - a royal jelly
 L - 7 fruits


   Skills:
 + Level 4.6 Dodging
 * Level 6.7 Stealth
 - Level 0.4 Unarmed Combat
 - Level 2.5 Spellcasting
 + Level 5.2 Summonings


You couldn't memorise any spells.
You knew the following spells:

 Your Spells              Type           Power        Failure   Level  Hunger
a - Summon Small Mammal   Summ           ###.         1%          1    #......
b - Call Imp              Summ           ###.....     2%          2    ##.....
c - Call Canine Familiar  Summ           ###.....     5%          3    ###....
d - Summon Lightning Spi  Summ/Air       ##......     50%         4    #####..


Dungeon Overview and Level Annotations

Branches:
Dungeon (5/15)
 Temple: D:4-7

Altars:
Gozag
Vehumet
Xom


Innate Abilities, Weirdness & Mutations

You cannot wear armour.
You are incapable of wielding weapons or throwing items.
Your paws allow you to move quietly. (Stealth)
You have sharp claws.
You have razor-sharp teeth.
You have supernaturally acute eyesight. (SInv)
You are carnivorous and can eat meat at any time.
You cover ground quickly.
You are covered in thick fur. (AC +2)
You have a slow metabolism.
Your sharp claws are effective at attacking unaware monsters.


Message History

Here: an ice beast (resting)
The floor.
Casting: Summon Small Mammal
Confirm with . or Enter, or press ? or * to list all spells.
The spell is very dangerous to cast!
Continue anyway?
Aiming: Summon Lightning Spire
Press: ? - help, Dir - move target cursor You miscast Summon Lightning Spire.
You are very lightly contaminated with residual magic.
Venomous gases pour from your paws!
You are engulfed in poison gas.
You are poisoned.
You feel sick.
You are engulfed in poison gas.
You are lethally poisoned!
You feel sick.
There is a stone staircase leading up here.
You are engulfed in poison gas.
You are more poisoned.
* * * LOW HITPOINT WARNING * * *
You die...

### #.. #.. ##.§##
#.. #.§§§## ... #
#§§# ... ###.#
.....Y§#@###.###...
.....§§#.§.#.##..#
.......###...##.#
....... ##.....# .
.......###....#### .
.........#.#.....#
..<....#...#..##.###
#............
#..##........#


There were no monsters in sight!

Vanquished Creatures
  A dart slug (D:2)
  An orc (D:3)
  A bat (D:2)
  A hobgoblin (D:3)
  2 jackals
  A ball python (D:2)
  2 rats (D:2)
9 creatures vanquished.

Vanquished Creatures (collateral kills)
  The ghost of bgiannan the Skirmisher, an amateur HOFi (D:3)
  Duvessa (D:4)
  Dowan (D:4)
  A hound (D:5)
  An orc priest (D:3)
  A bullfrog skeleton (D:3)
  A worker ant (D:4)
  Natasha (thrice) (D:3)
  7 adders
  A worm (D:4)
  A leopard gecko (D:2)
  7 orcs (D:3)
  6 giant cockroaches
  9 goblins
  12 hobgoblins
  8 jackals
  7 kobolds
  4 quokkas
  4 bats
  3 frilled lizards
  6 rats
85 creatures vanquished.

Vanquished Creatures (others)
  A kobold (D:3)
1 creature vanquished.

Grand Total: 95 creatures vanquished

Notes
Turn   | Place    | Note
-------+----------+-------------------------------------------
     0 | D:1      | Orenix the Felid Summoner began the quest for the Orb.
     0 | D:1      | Reached XP level 1. HP: 7/7 MP: 4/4
  1012 | D:1      | Reached XP level 2. HP: 10/11 MP: 0/6
  1017 | D:1      | Learned a level 2 spell: Call Imp
  1655 | D:2      | Found an opulent altar of Gozag.
  1809 | D:2      | Found a radiant altar of Vehumet.
  1817 | D:2      | Became a worshipper of Vehumet
  1818 | D:2      | Fell from the grace of Vehumet
  2149 | D:2      | Reached XP level 3. HP: 11/14 MP: 2/7
  2239 | D:2      | Found a shimmering altar of Xom.
  2239 | D:2      | Found a shimmering altar of Xom.
  2240 | D:2      | Found a shimmering altar of Xom.
  2240 | D:2      | Found a shimmering altar of Xom.
  2242 | D:2      | Found a shimmering altar of Xom.
  2242 | D:2      | Found a shimmering altar of Xom.
  2255 | D:2      | You fall through a shaft!
  2261 | D:3      | Learned a level 3 spell: Call Canine Familiar
  2653 | D:2      | Reached skill level 3 in Stealth
  3195 | D:3      | Noticed bgiannan's ghost (amateur HOFi)
  3343 | D:3      | Noticed Natasha
  4943 | D:1      | You fall through a shaft!
  4983 | D:3      | Killed Natasha
  4983 | D:3      | Reached XP level 4. HP: 18/18 MP: 0/8
  5010 | D:3      | Reached skill level 4 in Stealth
  5354 | D:3      | Noticed Natasha
  5360 | D:3      | Killed Natasha
  5360 | D:3      | Reached skill level 5 in Stealth
  6039 | D:3      | Noticed Natasha
  6050 | D:3      | Killed Natasha
  6050 | D:3      | Reached XP level 5. HP: 12/21 MP: 1/9
  7910 | D:4      | Noticed Duvessa
  8321 | D:4      | Killed Duvessa
  8321 | D:4      | Reached skill level 5 in Summonings
  8351 | D:4      | Noticed Dowan
  8468 | D:4      | Killed Dowan
  8468 | D:4      | Reached skill level 6 in Stealth
  8937 | D:5      | Entered Level 5 of the Dungeon
  9039 | D:5      | Gained mutation: You are covered in thick fur. (AC +2) [Felid growth]
  9039 | D:5      | Reached XP level 6. HP: 24/24 MP: 2/10
  9114 | D:5      | Learned a level 4 spell: Summon Lightning Spire
  9368 | D:5      | Killed by a stone arrow
  9368 | D:5      | Was forgiven by Vehumet
  9369 | D:5      | Reached XP level 5. HP: -7/21 MP: 9/9
  9394 | D:5      | Noticed a sky beast
  9861 | D:3      | Killed bgiannan's ghost
 10074 | D:5      | Noticed an ice beast
 10077 | D:5      | Succumbed to poison (poison gas)

Skill      XL: |  1  2  3  4  5 |
---------------+----------------+-----
Dodging        | 3 4 |  4.6
Stealth        | 3 5 6 |  6.7
Summonings     | 5 |  5.2
Unarmed Combat | |  0.4
Spellcasting   | |  2.5

Action                   |  1- 3 |  4- 6 || total
-------------------------+-------+-------++-------
Melee: Unarmed           |    53 |    27 ||    80
       Bite              |     1 |     2 ||     3
 Cast: Summon Small Mamm |    48 |    25 ||    73
       Call Imp          |    49 |    49 ||    98
       Call Canine Famil |    13 |    18 ||    31
       Summon Lightning  |       |     3 ||     3
Invok: Renounce Religion |     1 |       ||     1
  Use: Scroll            |     1 |       ||     1
 Stab: Distracted        |     1 |     1 ||     2
  Eat: Chunk             |    19 |    17 ||    36
Armor: Skin              |    11 |     2 ||    13
Dodge: Dodged            |    87 |    42 ||   129
